 Dungeon Crawl Stone Soup version 0.30.1-3-gfc49f6343a (webtiles) character file.

Game seed: 9002926412382777795

3874 Draugr the Fighter (level 10, -3/76 HPs)
             Began as a Djinni Fire Elementalist on Aug 1, 2023.
             Slain by an orc warrior
             ... wielding a +2 halberd of electrocution
              (17 damage)
             ... in a bailey.
             The game lasted 00:29:58 (7251 turns).

Draugr the Fighter (Djinni Fire Elementalist)       Turns: 7251, Time: 00:29:59

Health: -3/76      AC: 11    Str:  7    XL:     10   Next: 42%
Gold:   284        EV: 15    Int: 21    God:
                   SH:  0    Dex: 14

rFire   + + +        C - +2 dagger (speed)
rCold   x x .        (no shield)
rNeg    + . .        y - +2 steam dragon scales
rPois   ∞            k - +1 helmet
rElec   .            d - +1 cloak
rCorr   .            (no gloves)
SInv    .            (boots unavailable)
Will    +....        (no amulet)
Stlth   ++           x - ring of positive energy
HPRegen 0.32/turn    z - ring of fire
MPRegen 0.00/turn

%: infuse magic (-4 HP)
@: flying
A: sickness immunity, fire resistance 2, cold vulnerability 1, float, innate
caster, HP casting, extra vitality 1
a: no special abilities


You were in a bailey.
You visited 2 branches of the dungeon, and saw 9 of its levels.
You also visited: Bailey.

You collected 425 gold pieces.
You spent 141 gold pieces at shops.

Inventory:

Hand Weapons
 s - a +0 dagger of venom
 C - a +2 dagger of speed (weapon)
Armour
 d - a +1 cloak (worn)
 k - a +1 helmet (worn)
 r - a +0 buckler
 u - the +1 robe of Zonuy {rC+ Str+3}
   (You acquired it on level 6 of the Dungeon)

   Str:       It affects your strength (+3).
   rC:        It protects you from cold.
 y - +2 steam dragon scales (worn)
Jewellery
 p - an amulet of faith
 x - a ring of positive energy (left hand)
 z - a ring of fire (right hand)
Wands
 f - a wand of mindburst (20)
 l - a wand of digging (2)
 q - a wand of charming (9)
 w - a wand of polymorph (7)
 A - a wand of flame (11)
 D - a wand of quicksilver (9)
Scrolls
 e - 3 scrolls of immolation
 t - a scroll of poison
 B - a scroll of fear
 E - a scroll of vulnerability
Potions
 a - a potion of magic {unknown}
 b - 2 potions of mutation {unknown}
 c - a potion of lignification {unknown}
 g - 2 potions of heal wounds
 h - 9 potions of curing
 i - 5 potions of invisibility {unknown}
 j - a potion of brilliance {unknown}
 m - a potion of flight {unknown}
 n - 2 potions of ambrosia {unknown}
 o - 3 potions of haste {unknown}
 v - 3 potions of attraction {unknown}


   Skills:
 - Level 8.0 Fighting
 - Level 2.4 Short Blades
 + Level 2.7 Armour
 - Level 8.0 Dodging
 - Level 1.5 Stealth
 - Level 7.0 Spellcasting


You knew the following spells:

 Your Spells              Type           Power      Damage    Failure   Level
a - Foxfire               Conj/Fire      100%       2x1d9     1%          1
b - Scorch                Fire           100%       2d9       1%          2
c - Volatile Blastmotes   Fire/Tloc      100%       2d18      1%          3
d - Inner Flame           Hex/Fire       54%        N/A       1%          3
e - Flame Wave            Conj/Fire      54%        2d13      4%          4
f - Shock                 Conj/Air       100%       1d9       1%          1
g - Wereblood             Tmut           37%        N/A       1%          2
h - Dazzling Flash        Conj/Hex       74%        N/A       1%          3
i - Portal Projectile     Hex/Tloc       74%        N/A       1%          3
Your spell library was empty.

Dungeon Overview and Level Annotations

Branches:
Dungeon (8/15)             Temple (1/1) D:4          Bailey (1/1)
   Lair: D:8-11

Altars:
Ashenzari
Dithmenos
Elyvilon
Gozag
Hepliaklqana
Nemelex Xobeh
Okawaru
Qazlal
Ru
Uskayaw
Wu Jian
Xom
Yredelemnul
Zin
The Shining One

Shops:
D:1 :?[   D:6 *

Annotations:
D:3 Terence


Innate Abilities, Weirdness & Mutations

You are immune to sickness and miasma.
You are immune to poison.
Your flesh is very heat resistant. (rF++)
You are vulnerable to cold. (rC-)
You float through the air rather than walking.
You learn spells naturally, not from books.
Your magical power is your life essence.
You have superior vitality. (+4 MHP)


Message History

A cloud of volatile blastmotes flares up around you!
You see here a +0 halberd of electrocution.
The cloud of blastmotes explodes!
The concussive blast engulfs the orc!
You kill the orc!
Casting: Volatile Blastmotes (safe; 1% risk of failure)
Confirm with . or Enter, or press ? or * to list all spells.
You feel a surge of power!
Flames lash the orc warrior.
The orc warrior is lightly wounded.
The orc warrior's fire resistance burns away.
Casting: Scorch (safe; 1% risk of failure)
Confirm with . or Enter, or press ? or * to list all spells.
You feel a surge of power!
Flames lash the orc warrior but do no damage.
The orc warrior misses you.
Casting: Scorch (safe; 1% risk of failure)
Confirm with . or Enter, or press ? or * to list all spells.
You feel a surge of power!
Flames lash the orc warrior.
The orc warrior is burned terribly!
The orc warrior is severely wounded.
The orc warrior barely misses you.
Casting: Scorch (safe; 1% risk of failure)
Confirm with . or Enter, or press ? or * to list all spells.
You feel a surge of power!
Flames lash the orc warrior.
The orc warrior is severely wounded.
The orc warrior drinks a potion.
The orc warrior is healed!
Casting: Scorch (safe; 1% risk of failure)
Confirm with . or Enter, or press ? or * to list all spells.
You feel a surge of power!
Flames lash the orc warrior.
The orc warrior is burned terribly!
The orc warrior is lightly wounded.
The orc warrior hits you from afar with a +2 halberd of electrocution!
Casting: Scorch (safe; 1% risk of failure)
Confirm with . or Enter, or press ? or * to list all spells.
You feel a surge of power!
Flames lash the orc warrior.
The orc warrior is burned terribly!
The orc warrior is severely wounded.
The orc warrior hits you from afar with a +2 halberd of electrocution!
* * * LOW HITPOINT WARNING * * *
You are electrocuted!
You die...

##'##'##'###)##'##'##
#)###)###.#.###)###)#
#'# ### ##### ### ###
#.###.###)#.#
##'##'##'###+ +##+
##.....## !.!#
###.....### !.!.#
#)'..⌠..'.# .⌠.!+
###...@)# .!.!
##....)## #!.
#'##'##o###)#
#)###)###)))# ## ###
#####


You could see an orc warrior (combustible).

Vanquished Creatures
  Pikel (D:6)
  Maggie (D:6)
  Prince Ribbit (D:5)
  4 yaks (D:6)
  Menkaure (D:7)
  A water moccasin (D:7)
  3 sky beasts
  3 ice beasts
  A centaur (D:7)
  A phantom (D:6)
  3 lemures (D:6)
  3 bullfrogs
  3 scorpions (D:6)
  2 jellies
  3 orc priests
  3 hounds
  4 sleepcaps
  8 iguanas
  9 orc wizards
  8 gnolls
  8 adders
  2 shadow imps
  5 white imps
  An ufetubus (D:7)
  2 dart slugs
  25 orcs
  5 endoplasms
  2 giant cockroaches
  8 goblins
  6 hobgoblins
  10 jackals (D:1)
  5 kobolds
  4 quokkas
  4 ball pythons
  A bat (D:3)
  4 frilled lizards
  2 rats
157 creatures vanquished.

Vanquished Creatures (others)
  272 foxfires
272 creatures vanquished.

Grand Total: 429 creatures vanquished

Notes
Turn   | Place    | Note
-------+----------+-------------------------------------------
     0 | D:1      | Draugr the Djinni Fire Elementalist began the quest for the
                  | Orb.
     0 | D:1      | Draugr set off with the following spells memorised:
                  | Foxfire, Scorch, Volatile Blastmotes, Inner Flame, Flame
                  | Wave.
     0 | D:1      | Reached XP level 1. HP: 15/15 MP: 0/0
   169 | D:1      | Found Tahe's Armour Boutique.
   177 | D:1      | Reached skill level 1 in Fighting
   183 | D:1      | Reached XP level 2. HP: 14/22 MP: 0/0
   254 | D:1      | Found Itivu's Magic Scroll Boutique.
   257 | D:1      | Bought a scroll of identify for 26 gold pieces
   630 | D:1      | Reached XP level 3. HP: 26/28 MP: 0/0
   630 | D:1      | Learned a level 1 spell: Shock
   650 | D:1      | Reached skill level 1 in Short Blades
   755 | D:1      | Found Guc Ipuk's Book Emporium.
  1011 | D:2      | Reached XP level 4. HP: 28/33 MP: 0/0
  1236 | D:2      | Found a faded altar of an unknown god.
  1663 | D:3      | Noticed Terence
  1841 | D:3      | Found a white marble altar of Elyvilon.
  2271 | D:4      | Found a hazy altar of Hepliaklqana.
  2345 | D:4      | Reached XP level 5. HP: 33/38 MP: 0/0
  2345 | D:4      | Learned a level 2 spell: Wereblood
  2540 | D:4      | Found a staircase to the Ecumenical Temple.
  2927 | Temple   | Entered the Ecumenical Temple
  3202 | D:4      | Found a glowing silver altar of Zin.
  3377 | D:4      | Found a sparkling altar of Nemelex Xobeh.
  3377 | D:4      | Found an opulent altar of Gozag.
  3385 | D:4      | Reached XP level 6. HP: 36/43 MP: 0/0
  3441 | D:5      | Entered Level 5 of the Dungeon
  3441 | D:5      | Noticed an ice beast
  3445 | D:5      | Killed an ice beast
  3575 | D:5      | Reached XP level 7. HP: 45/49 MP: 0/0
  3575 | D:5      | Learned a level 3 spell: Dazzling Flash
  3677 | D:5      | Reached skill level 5 in Spellcasting
  3703 | D:5      | Noticed Prince Ribbit
  3714 | D:5      | Killed Prince Ribbit
  3769 | D:5      | Identified the +5 shortbow of Hard Scrabble {flame, rElec}
  3784 | D:5      | Reached XP level 8. HP: 50/54 MP: 0/0
  4204 | D:6      | Noticed a yak
  4204 | D:6      | Noticed a yak
  4204 | D:6      | Noticed a yak
  4204 | D:6      | Noticed a yak
  4494 | D:6      | Killed a yak
  4686 | D:6      | Killed a yak
  4687 | D:6      | Reached XP level 9. HP: 55/64 MP: 0/0
  4687 | D:6      | Learned a level 3 spell: Portal Projectile
  4790 | D:6      | Reached skill level 5 in Fighting
  4820 | D:6      | Noticed Pikel
  4950 | D:6      | Identified a scroll of acquirement
  4951 | D:6      | Acquired the +1 robe of Zonuy {rC+ Str+3}
  5153 | D:6      | Found Jatu's Assorted Antiques.
  5163 | D:6      | Bought a marble ring for 115 gold pieces
  5194 | D:6      | Killed Pikel
  5489 | D:6      | Noticed Maggie
  5497 | D:6      | Killed Maggie
  5598 | D:6      | Reached skill level 5 in Dodging
  5598 | D:6      | Reached XP level 10. HP: 59/76 MP: 0/0
  5890 | D:7      | Noticed Menkaure
  5893 | D:7      | Killed Menkaure
  6352 | D:7      | Reached skill level 1 in Armour
  6373 | D:7      | Found a basalt altar of Yredelemnul.
  6848 | D:8      | Found a flagged portal.
  6864 | Bailey   | Entered a bailey
  7251 | Bailey   | Slain by an orc warrior

Illustrated notes

Levels and vault maps discovered:
D:1:      minmay_arrival_shattered_statue, layout_basic, serial_rivers,
          chequers_serial_rivers_room_a, chequers_serial_rivers_small_a,
          chequers_serial_rivers_micro_e, chequers_serial_rivers_micro_d,
          chequers_serial_rivers_large_b, serial_shops, shop,
          nicolae_shop_peninsula, nicolae_shop_rolled_up, minmay_tetromino_i4
D:2:      layout_basic, shapermc_ecumenical_altar_starsandcircs,
          chequers_hall_statues_corner_a
D:3:      layout_basic, mainiacjoe_overflow_tiny_flanked,
          mainiacjoe_overflow_24_doors, hangedman_abyss_or_decor_lesser_grid,
          uniq_terence
D:4:      layout_loops_ring, grunt_temple_overflow_opulence,
          nicolae_hepliaklqana_hazy_memory, zin_treasury
D:5:      layout_gridville, uniq_prince_ribbit1
D:6:      layout_cave_pods, led_sif_book, serial_shops,
          nicolae_shop_tiny_waterfront, minmay_door_square,
          minmay_misc_feat_chi, hangedman_decor_points, uniq_maggie, uniq_pikel
D:7:      layout_cave_pools, nicolae_overflow_crystal_walls, uniq_menkaure
D:8:      layout_rooms, chei_slow_surprise, nicolae_overflow_squiral,
          enter_bailey_7
Temple:   hellmonk_temple_beads
Bailey:   bailey_polearm_nasty_gnolls, bailey

Skill      XL: |  1  2  3  4  5  6  7  8  9 10 |
---------------+-------------------------------+-----
Fighting       | 1 2 4 8 |  8.0
Short Blades   | 1 2 |  2.4
Spellcasting   | 3 4 6 7 |  7.0
Dodging        | 5 8 |  8.0
Armour         | 2 |  2.7
Stealth        | |  1.5

Action                     |  1- 3 |  4- 6 |  7- 9 | 10-12 || total
---------------------------+-------+-------+-------+-------++-------
  Melee: Unarmed           |     6 |       |       |       ||     6
         Dagger            |     6 |    52 |       |    15 ||    73
         Punch             |       |       |       |     1 ||     1
   Cast: Foxfire           |    14 |    15 |    77 |    52 ||   158
         Scorch            |    17 |    38 |    67 |    55 ||   177
         Shock             |     1 |       |       |       ||     1
         Volatile Blastmot |       |     1 |       |     6 ||     7
  Evoke: Wand              |       |     1 |       |       ||     1
    Use: Scroll            |     2 |     6 |     4 |     3 ||    15
         Potion            |       |       |     1 |       ||     1
   Stab: Sleeping          |     4 |     3 |       |     6 ||    13
 Armour: Robe              |     8 |    19 |     6 |       ||    33
         Steam dragon scal |       |       |     1 |     7 ||     8
  Dodge: Dodged            |     8 |    37 |    12 |    22 ||    79
